 Dungeon Crawl Stone Soup version 0.24.0-41-g2ae2f7f1be (webtiles) character file.

Game seed: 12191604647770230750, levelgen mode: deterministic

11995 Amplified the Thaumaturge (level 11, -12/92 HPs)
             Began as a Mummy Venom Mage on Dec 10, 2019.
             Was an Initiate of Gozag.
             Mangled by a seven-headed hydra (13 damage)
             ... on level 1 of the Lair of Beasts.
             The game lasted 00:32:27 (16081 turns).

Amplified the Thaumaturge (Mummy Venom Mage)       Turns: 16081, Time: 00:32:27

Health: -12/92     AC: 11    Str: 13    XL:     11   Next: 56%
Magic:  20/27      EV: 12    Int: 13    God:    Gozag
Gold:   362        SH:  3    Dex: 18    Spells: 19/35 levels left

rFire    x . .     SeeInvis .   e - +10 short sword "Ison" {venom, rElec MR+ Int-2 Dex+4}
rCold    + . .     Gourm    .   (no shield)
rNeg     + + +     Faith    .   a - +1 robe
rPois    ∞         Spirit   .   v - +0 helmet
rElec    +         Reflect  +   x - +2 cloak {+Inv}
rCorr    .         Harm     .   B - +0 pair of gloves
MR       +++..                  (no boots)
Stlth    ++........             r - +3 amulet of reflection
HPRegen  0.25/turn              j - ring of protection from magic
MPRegen  0.20/turn              o - +2 ring of protection

@: confusing touch
A: no food or potions, fire vulnerability, cold resistance 1, negative energy
resistance 3, torment resistance, unbreathing
a: Potion Petition, Call Merchant, Bribe Branch, Renounce Religion, Evoke
Invisibility


You were on level 1 of the Lair of Beasts.
You worshipped Gozag.
Gozag was aware of your devotion.
You were not hungry.

You visited 3 branches of the dungeon, and saw 13 of its levels.
You also visited: Bailey.

You collected 1576 gold pieces.
You paid 1214 gold pieces to Gozag.

Inventory:

Hand Weapons
 e - the +10 short sword "Ison" (weapon) {venom, rElec MR+ Int-2 Dex+4}
   (You took it off a wight on level 6 of the Dungeon)

   It poisons the flesh of those it strikes.
   It affects your intelligence (-2).
   It affects your dexterity (+4).
   It insulates you from electricity.
   It affects your resistance to hostile enchantments.
 n - a +0 broad axe
 s - a +2 hunting sling of freezing
 y - a +6 dagger of flaming
Missiles
 d - 407 stones
 g - 105 poisoned darts (quivered)
 h - 3 datura-tipped darts
 l - a throwing net
 p - 6 silver javelins
Armour
 a - a +1 robe (worn)
 v - a +0 helmet (worn)
 x - a +2 cloak of invisibility (worn)
 B - a +0 pair of gloves (worn)
Jewellery
 b - an uncursed amulet of the acrobat
 j - a ring of protection from magic (left hand)
 o - a +2 ring of protection (right hand)
 r - a +3 amulet of reflection (around neck)
 C - an uncursed ring of stealth
Wands
 i - a wand of random effects (24)
 k - a wand of flame (46)
 u - a wand of polymorph (1)
Scrolls
 c - 2 scrolls of identify
 f - a scroll of amnesia
 z - a scroll of magic mapping
 A - 6 scrolls of remove curse
 E - a scroll of enchant weapon
Miscellaneous
 t - a crystal ball of energy


   Skills:
 * Level 10.8 Fighting
 * Level 4.5 Armour
 - Level 1.5 Dodging
 - Level 1.5 Stealth
 * Level 12.8 Spellcasting
 - Level 0.7 Conjurations
 - Level 8.0 Poison Magic


You had 19 spell levels left.
You knew the following spells:

 Your Spells              Type           Power        Failure   Level  Hunger
a - Sting                 Conj/Pois      ###.         1%          1    N/A
b - Poisonous Vapours     Pois/Air       ###...       2%          2    N/A
c - Mephitic Cloud        Conj/Pois/Air  ###.....     8%          3    N/A
d - Olgreb's Toxic Radia  Pois           ####....     3%          4    N/A
e - Confusing Touch       Hex            #.....       9%          1    N/A
f - Yara's Violent Unrav  Hex/Tmut       #.........   93%         5    N/A

Your spell library contained the following spells:

 Spells                   Type           Power        Failure   Level  Hunger
 Animate Skeleton         Necr           N/A          9%          1    N/A
 Pain                     Necr           #...         9%          1    N/A
 Confuse                  Hex            #.......     26%         3    N/A
 Gell's Gravitas          Tloc           #.........   26%         3    N/A
 Vampiric Draining        Necr           #.........   26%         3    N/A
 Venom Bolt               Conj/Pois      ###.......   36%         5    N/A
 Animate Dead             Necr           N/A          63%         4    N/A
 Petrify                  Tmut/Erth      #.......     63%         4    N/A
 Metabolic Englaciation   Hex/Ice        #.........   93%         5    N/A
 Regeneration             Chrm/Necr      Unusable     N/A         3    N/A

Dungeon Overview and Level Annotations

Branches:
Dungeon (11/15)            Temple (1/1) D:7            Lair (1/6) D:10
    Orc (0/2) D:11         Bailey (visited)

Altars:
Ashenzari
Cheibriados
Dithmenos
Elyvilon
Fedhas
Gozag
Hepliaklqana
Kikubaaqudgha
Makhleb
Nemelex Xobeh
Okawaru
Qazlal
Ru
Sif Muna
Trog
Uskayaw
Vehumet
Wu Jian
Xom
Yredelemnul
Zin
The Shining One

Shops:
D:10 %   D:11 =

Annotations:
D:8 1 runed translucent door, Raviolo's ghost, novice MiBe
D:11 Snorg; Sonja


Innate Abilities, Weirdness & Mutations

You do not eat or drink.
Your flesh is vulnerable to fire.
You are immune to poison.
Your flesh is cold resistant. (rC+)
You are immune to negative energy. (rN+++)
You are immune to unholy pain and torment.
You can survive without breathing.


Message History

The puff of frost hits the seven-headed hydra!
The seven-headed hydra is lightly wounded.
Unknown command.
You hit the seven-headed hydra but do no damage.
The seven-headed hydra is lightly wounded.
The seven-headed hydra bites you. x3; The seven-headed hydra bites you!
The seven-headed hydra bites you!! The seven-headed hydra bites you.
The seven-headed hydra bites you but does no damage.
You block the seven-headed hydra's attack.
The seven-headed hydra bites you!
* * * LOW HITPOINT WARNING * * *
The seven-headed hydra bites you.
* * * LOW HITPOINT WARNING * * *
The seven-headed hydra bites you!
* * * LOW HITPOINT WARNING * * *
The seven-headed hydra bites you.
* * * LOW HITPOINT WARNING * * *
The seven-headed hydra bites you!
You die...
Your body crumbles into a pile of gold.

........#####.........
..........P# #...##..##
$ #..........#
##...#####
#..........###........%
#..........#....#...#.#
#............##...#.#
#.........#### ...###
.#........#.# ..##
.......@...## ..#
.......D...# ..P
..........## ##
.........## ##.....###
#..... ###... $ ##..
##.


You could see a seven-headed hydra.

Vanquished Creatures
  Erica (D:8)
  3 two-headed ogres
  Pikel (D:4)
  Maurice (D:8)
  A centaur skeleton (D:10)
  A komodo dragon (Lair:1)
  A troll (D:10)
  3 hippogriffs
  Sigmund (D:5)
  A wyvern (D:11)
  A wraith (D:10)
  Menkaure (D:5)
  A water moccasin (D:10)
  9 orc warriors
  3 sky beasts
  An ice beast (D:5)
  5 phantoms
  2 black bears (D:9)
  3 centaurs
  6 ogres
  4 big kobolds
  Blork the orc (D:5)
  8 bullfrogs
  A gnoll sergeant (D:10)
  A scorpion (D:4)
  A water moccasin skeleton (D:5)
  7 killer bees (D:7)
  3 jellies
  13 wights
  2 howler monkeys
  2 centaur zombies
  3 crimson imps
  A bullfrog zombie (D:6)
  7 orc priests
  2 bullfrog skeletons
  5 hounds
  8 orc wizards
  2 iguanas
  12 worker ants
  A hound zombie (D:6)
  2 hound skeletons (D:7)
  2 worker ant zombies
  17 gnolls
  17 adders
  3 shadow imps
  4 oozes
  An adder skeleton (D:10)
  5 worms
  2 dart slugs (D:3)
  3 leopard geckos
  41 orcs
  11 bats
  2 giant cockroaches
  7 goblins
  8 hobgoblins
  22 jackals
  32 kobolds
  4 quokkas
  14 frilled lizards
  2 leopard gecko skeletons (D:4)
  A quokka skeleton (D:4)
  6 rats
336 creatures vanquished.

Vanquished Creatures (others)
  A gnoll shaman (D:4)
  A gnoll (D:4)
  9 plants (D:7)
11 creatures vanquished.

Grand Total: 347 creatures vanquished

Notes
Turn   | Place    | Note
-------+----------+-------------------------------------------
     0 | D:1      | Amplified the Mummy Venom Mage began the quest for the Orb.
     0 | D:1      | Reached XP level 1. HP: 13/13 MP: 4/4
   122 | D:1      | Reached skill level 3 in Spellcasting
   188 | D:1      | Reached skill level 1 in Fighting
   192 | D:1      | Reached XP level 2. HP: 21/21 MP: 0/6
   273 | D:1      | Learned a level 2 spell: Poisonous Vapours
   936 | D:1      | Reached XP level 3. HP: 25/27 MP: 4/8
  1107 | D:2      | Reached skill level 4 in Spellcasting
  1107 | D:2      | Reached XP level 4. HP: 21/34 MP: 7/10
  1120 | D:2      | Learned a level 3 spell: Mephitic Cloud
  1142 | D:2      | Learned a level 4 spell: Olgreb's Toxic Radiance
  2807 | D:3      | Reached XP level 5. HP: 40/40 MP: 12/12
  3714 | D:5      | Entered Level 5 of the Dungeon
  3714 | D:5      | Noticed Sigmund
  3809 | D:5      | Reached skill level 5 in Spellcasting
  3924 | D:5      | Noticed a centaur
  3928 | D:5      | Killed a centaur
  3928 | D:5      | Reached XP level 6. HP: 28/48 MP: 12/14
  4261 | D:5      | Noticed Blork the orc
  4267 | D:5      | Killed Blork the orc
  4267 | D:5      | Reached skill level 6 in Spellcasting
  4267 | D:5      | Reached XP level 7. HP: 55/55 MP: 14/16
  4267 | D:5      | Noticed Menkaure
  4791 | D:4      | Found a basalt altar of Yredelemnul.
  4791 | D:4      | Found a blossoming altar of Fedhas.
  4791 | D:4      | Found a shattered altar of Ashenzari.
  4791 | D:4      | Found a stormy altar of Qazlal.
  4819 | D:4      | Found a hide-covered altar of Uskayaw.
  4819 | D:4      | Found a burning altar of Makhleb.
  4929 | D:4      | Noticed Pikel
  4933 | D:4      | Killed Pikel
  4933 | D:4      | Reached skill level 5 in Fighting
  4933 | D:4      | Reached skill level 7 in Spellcasting
  4933 | D:4      | Reached XP level 8. HP: 47/63 MP: 11/18
  5024 | D:5      | Killed Sigmund
  5024 | D:5      | Reached skill level 5 in Poison Magic
  5362 | D:7      | Reached skill level 8 in Spellcasting
  5449 | D:7      | Found a flagged portal.
  5706 | Bailey   | Entered a bailey
  6239 | Bailey   | Found an iron altar of Okawaru.
  6435 | D:7      | Reached XP level 9. HP: 55/71 MP: 13/21
  6476 | D:7      | Learned a level 1 spell: Confusing Touch
  6510 | D:7      | Learned a level 5 spell: Yara's Violent Unravelling
  6713 | D:7      | Reached skill level 9 in Spellcasting
  7185 | D:7      | Found a staircase to the Ecumenical Temple.
  7244 | Temple   | Entered the Ecumenical Temple
  8047 | D:8      | Found a runed translucent door.
  8329 | D:8      | Noticed Maurice
  8338 | D:8      | Noticed Erica
  8563 | D:10     | Entered Level 10 of the Dungeon
  8682 | D:9      | Found a basalt altar of Yredelemnul.
  8773 | D:9      | Reached skill level 10 in Spellcasting
  9107 | D:9      | Found a stormy altar of Qazlal.
  9665 | D:8      | Killed Maurice
  9665 | D:8      | Reached XP level 10. HP: 34/82 MP: 3/24
 10031 | D:8      | Killed Erica
 10225 | D:8      | Reached skill level 11 in Spellcasting
 10373 | D:8      | Noticed Raviolo's ghost (novice MiBe)
 11341 | D:6      | Identified the +10 short sword "Ison" {venom, rElec MR+
                  | Int-2 Dex+4}
 11422 | D:5      | Killed Menkaure
 11604 | D:5      | Reached skill level 1 in Armour
 11872 | D:4      | Found an ancient bone altar of Kikubaaqudgha.
 11872 | D:4      | Found a radiant altar of Vehumet.
 11872 | D:4      | Found a shimmering altar of Xom.
 11873 | D:4      | Found a shadowy altar of Dithmenos.
 11876 | D:4      | Found an opulent altar of Gozag.
 11877 | D:4      | Found a sacrificial altar of Ru.
 11879 | D:4      | Became a worshipper of Gozag Ym Sagoz the Greedy
 13214 | D:9      | Noticed a two-headed ogre
 13227 | D:9      | Killed a two-headed ogre
 13426 | D:10     | Reached XP level 11. HP: 81/90 MP: 17/26
 13493 | D:10     | Reached skill level 10 in Fighting
 13502 | D:10     | Reached skill level 12 in Spellcasting
 13513 | D:10     | Found a glowing golden altar of the Shining One.
 13879 | D:10     | HP: 3/90 [hippogriff (6)]
 14406 | D:10     | Noticed a two-headed ogre
 14425 | D:10     | Killed a two-headed ogre
 14487 | D:10     | Found a staircase to the Lair.
 14691 | D:11     | Noticed a two-headed ogre
 14693 | D:11     | Noticed a five-headed hydra
 14726 | D:11     | Killed a two-headed ogre
 14952 | D:11     | Found a staircase to the Orcish Mines.
 15408 | D:10     | Found Veutigg's Food Boutique.
 15926 | D:11     | Noticed Snorg
 15944 | D:11     | Noticed Sonja
 15944 | D:11     | Noticed a two-headed ogre
 16014 | Lair:1   | Entered Level 1 of the Lair of Beasts
 16075 | Lair:1   | Noticed a seven-headed hydra
 16081 | Lair:1   | HP: 1/92 [seven-headed hydra (5)]
 16081 | Lair:1   | Mangled by a seven-headed hydra

Levels and vault maps discovered:
D:1:      lemuel_arrival_rhombus, layout_basic, minmay_lizard_pond
D:2:      layout_basic
D:3:      layout_basic, first_ration, kennysheep_boxes
D:4:      layout_basic, minmay_overflow_temple_hex, minitemple,
          grunt_decor_mini_mirrors, uniq_pikel
D:5:      layout_rooms, uniq_blork_the_orc, uniq_menkaure, uniq_sigmund
D:6:      layout_basic, kennysheep_windowed_goal
D:7:      layout_basic, minmay_temple_entry_enclosed_plants, enter_bailey_2
D:8:      layout_cave_pools, ebering_ghost_reflecting_pool, uniq_maurice,
          uniq_erica
D:9:      layout_basic, blue_anna_alchemist [blue_anna_fruit_fields,
          blue_anna_fruit_fields], minmay_tree_intersection,
          hangedman_feature_mirror
D:10:     layout_gridville, lair_entry_dummy, serial_shops,
          nicolae_shop_window_shopping, basic_altar
D:11:     layout_loops_ring, david_orc_2, uniq_sonja, uniq_urug, uniq_snorg
Temple:   cyrus_temple_forest
Lair:1:   lemuel_ratsnest, layout_cave_pods, fungi_pond_lemuel

Skill      XL: |  1  2  3  4  5  6  7  8  9 10 11 |
---------------+----------------------------------+-----
Spellcasting   | 3 4 5 6 7 8 10 11 12 | 12.8
Fighting       | 1 2 3 4 5 6 8 9 10 | 10.8
Poison Magic   | 3 4 5 7 8 |  8.0
Armour         | 2 4 |  4.5
Dodging        | |  1.5
Stealth        | |  1.5
Conjurations   | |  0.7

Action                   |  1- 3 |  4- 6 |  7- 9 | 10-12 || total
-------------------------+-------+-------+-------+-------++-------
Melee: Unarmed           |    68 |    28 |       |       ||    96
       Short sword       |       |   154 |   138 |   180 ||   472
       Hand axe          |       |       |   142 |    21 ||   163
       Dagger            |       |       |       |   172 ||   172
 Fire: Hunting sling     |       |    79 |    13 |       ||    92
Throw: Stone             |       |     1 |     1 |     2 ||     4
       Dart              |       |       |       |     5 ||     5
 Cast: Sting             |    46 |    25 |    55 |     8 ||   134
       Poisonous Vapours |     4 |     4 |     3 |       ||    11
       Olgreb's Toxic Ra |       |     4 |    45 |    45 ||    94
       Mephitic Cloud    |       |     1 |    12 |    12 ||    25
       Confusing Touch   |       |       |       |     9 ||     9
Invok: Potion Petition   |       |       |       |     3 ||     3
       Call Merchant     |       |       |       |     1 ||     1
 Abil: Evoke Invisibilit |       |       |       |     2 ||     2
Evoke: Wand              |       |    12 |    27 |    40 ||    79
  Use: Scroll            |     1 |     7 |     9 |    13 ||    30
 Stab: Sleeping          |       |     5 |     1 |     9 ||    15
       Paralysed         |       |     9 |     8 |     2 ||    19
       Confused          |       |       |     6 |     6 ||    12
       Distracted        |       |       |     1 |     2 ||     3
Armor: Robe              |    14 |    34 |    46 |   107 ||   201
Dodge: Dodged            |    68 |   186 |   248 |   246 ||   748
Block: Other             |       |       |     5 |    53 ||    58
       Reflection        |       |       |       |     1 ||     1
